Description

Stop at 17 drones. First nydus should go down around 4mins.

1st nydus in the main 2nd nydus in the natural[unless the first nydus is about to die]

Replay - ZvT - quick nydus

Build Order

Get SALT Encoding   

  12  0:02  Drone  
  13  0:13  Overlord  
  13  0:21  Drone  
  14  0:31  Drone x3  
  17  0:38  Extractor  
  16  0:54  Drone  
  17  1:00  Hatchery  
  16  1:09  Drone  
  17  1:20  Spawning Pool  
  17  1:23  Drone  
  17  1:31  Drone x2  
  19  1:40  Overlord  
  20  2:07  Lair  
  21  2:12  Queen  
  21  2:14  Zergling x4  
  25  2:23  Metabolic Boost  
  25  2:37  Zergling x8  
  29  2:50  Queen  
  31  2:54  Overlord x2  
  31  3:09  Queen  
  33  3:18  Nydus Network  
  32  3:20  Zergling x4  
  34  3:36  Zergling x4  
  48  4:10  Nydus Canal  
  50  4:26  Nydus Canal  
Spawning Tool Build Advisor. Get it on Overwolf

Go to:

Details

  • Created by: rederoin
  • Published on: May 15, 2023
  • Modified on: May 15, 2023
  • Patch: 5.0.11
  • Difficulty: Medium
Show
View Real Time Build Order
Export as new Build Order

Comments (0)

There are no comments. Be the first!

Create an account to comment!